Maple Leafs vs Devils
(R1)
Created - January 28, 2019 at 07:10
Goals
|
| Maple Leafs |
1 |
2 |
1 |
4 |
| Devils |
1 |
0 |
0 |
1 |
|
Shots
|
| Maple Leafs |
9 |
14 |
11 |
34 |
| Devils |
8 |
11 |
13 |
32 |
|
1st period
1. Devils , Matt Duchene 16 (Taylor Hall 28) at 19:27
2. Maple Leafs , Jordan Staal 19 (Braydon Coburn 16, Claude Giroux 35) at 19:35
Penalties :
Jaden Schwartz (NJD) for Interference (Minor) at 1:47, Brandon Bollig (NJD) for Hooking (Minor) at 6:07, Nikita Kucherov (NJD) for Goalie Interference (Minor) at 12:40
2nd period
3. Maple Leafs , Claude Giroux 27 (Tobias Enstrom 28, Artemi Panarin 16) at 11:36 (PP)
4. Maple Leafs , Jordan Staal 20 (Claude Giroux 36) at 15:51 (PP)
Penalties :
Tobias Enstrom (Tor) for Cross-checking (Minor) at 0:39, Colton Parayko (NJD) for Tripping (Minor) at 11:26, Jordan Staal (Tor) for Hooking (Minor) at 12:13, Matt Duchene (NJD) for Hooking (Minor) at 15:44, Joe Pavelski (NJD) for Roughing (Minor) at 16:14, Colton Parayko (NJD) for Holding (Minor) at 19:07, Travis Hamonic (NJD) for Hooking (Minor) at 19:30
3rd period
5. Maple Leafs , Fabian Brunnstrom 13 (Braydon Coburn 17, Claude Giroux 37) at 16:27
Penalties :
No Penalty
Goalie Stats
Marc-André Fleury (Tor), 31 saves from 32 shots - (0.969), W, 18-14-2, 60:00 minutes
Ryan Miller (NJD), 30 saves from 34 shots - (0.882), L, 17-16-2, 60:00 minutes
Players Stats for Maple Leafs
Player Name G A P +/- PIM S H SB GA TA FO MP PP MP PK MP
------------------------------------------------------------------------------------
Artemi Panarin 0 1 1 0 0 4 1 0 0 0 1/2 21:55 6:41 1:12
Ben Smith 0 0 0 0 0 3 2 0 1 0 1/1 16:44 3:45 0:30
Blake Comeau 0 0 0 0 0 2 0 0 0 0 0/0 8:48 0:12 0:00
Braydon Coburn 0 2 2 2 0 3 1 1 0 2 0/0 25:03 4:00 2:03
Claude Giroux 1 3 4 1 0 6 1 0 0 1 1/5 22:32 6:38 0:00
Eric Nystrom 0 0 0 0 0 1 3 1 1 0 0/0 10:56 0:00 2:16
Fabian Brunnstrom 1 0 1 1 0 1 0 2 1 0 0/0 17:50 3:45 0:00
Gilbert Brule 0 0 0 0 0 1 0 0 0 0 4/9 13:57 3:45 1:27
Jeremy Morin 0 0 0 0 0 0 1 0 0 0 0/0 8:21 0:00 0:00
John Klingberg 0 0 0 -1 0 3 1 2 1 1 0/0 20:18 6:35 0:00
Jordan Staal 2 0 2 1 2 7 3 0 2 1 19/35 23:52 6:38 1:14
Marc-Édouard Vlasic 0 0 0 -1 0 1 2 5 0 1 0/0 22:37 4:00 2:16
Mark Scheifele 0 0 0 0 0 1 0 0 0 1 5/14 14:21 0:21 1:17
Ryan Parent 0 0 0 0 0 0 0 1 0 0 0/0 12:43 0:00 0:36
T.J Galiardi 0 0 0 0 0 1 2 1 0 0 0/1 8:21 0:00 0:00
Taylor Chorney 0 0 0 0 0 0 0 1 0 1 0/0 13:56 0:00 1:42
Tobias Enstrom 0 1 1 2 2 0 1 3 0 0 0/0 25:25 6:35 1:19
Zac Dalpe 0 0 0 0 0 0 0 1 0 0 1/3 8:21 0:00 0:00
Players Stats for Devils
Player Name G A P +/- PIM S H SB GA TA FO MP PP MP PK MP
------------------------------------------------------------------------------------
Anthony Stewart 0 0 0 0 0 0 0 0 0 0 0/0 8:48 0:00 1:00
Brandon Bollig 0 0 0 0 2 0 0 0 0 0 1/1 8:19 0:00 0:00
Colton Parayko 0 0 0 0 4 3 2 2 0 1 0/0 10:53 0:00 0:00
Dmitry Kulikov 0 0 0 -1 0 0 0 0 1 0 0/0 17:46 0:00 3:39
Drew Doughty 0 0 0 0 0 4 2 5 1 0 0/0 29:35 3:11 6:56
Jaden Schwartz 0 0 0 0 2 0 0 0 0 2 0/0 13:46 0:00 0:00
Joe Pavelski 0 0 0 0 2 2 1 1 1 0 2/2 18:45 2:12 2:11
Jonathan Toews 0 0 0 0 0 3 3 0 0 0 11/20 19:19 2:12 2:44
Jordan Eberle 0 0 0 0 0 0 3 1 1 0 3/5 22:25 1:46 5:48
Kellan Lain 0 0 0 -1 0 0 3 0 0 0 0/1 11:44 2:12 0:36
Matt Duchene 1 0 1 0 2 3 0 4 1 1 9/16 15:23 1:46 0:00
Nikita Kucherov 0 0 0 -1 2 3 1 0 0 0 0/0 9:17 0:00 0:00
Scott Gomez 0 0 0 -1 0 2 2 0 1 0 9/18 16:28 0:00 5:48
Shayne Gostisbehere 0 0 0 0 0 3 0 0 0 1 0/0 21:08 3:11 1:16
Taylor Hall 0 1 1 0 0 3 1 3 0 0 1/5 16:51 1:46 1:27
Travis Hamonic 0 0 0 0 2 3 0 0 0 1 0/0 15:43 0:47 2:58
Tyler Bozak 0 0 0 0 0 2 1 0 0 0 2/2 6:35 0:00 0:00
Tyler Cuma 0 0 0 -1 0 1 0 4 2 0 0/0 24:56 0:47 6:20
3 Stars
1 - Claude Giroux (Tor)
2 - Jordan Staal (Tor)
3 - Marc-André Fleury (Tor)
Power Play
Maple Leafs - 2 on 8 Attempt(s) - 25.00%
Devils - 0 on 2 Attempt(s) - 0.00%
Penalty Kill
Maple Leafs - 2 on 2 Attempt(s) - 100.00%
- Score 0 goal in Penalty Kill
Devils - 6 on 8 Attempt(s) - 75.00%
- Score 0 goal in Penalty Kill
Team Stat
Maple Leafs - Hits : 18 - Faceoff Wins : 32 - Blocked Shots : 18 - Penalty Minutes : 4
Devils - Hits : 19 - Faceoff Wins : 38 - Blocked Shots : 20 - Penalty Minutes : 16
Official
Referees : Unknown
Linesman : Unknown
Game Notes
17:04 of 2nd period - Maple Leafs goal is going for a video replay. After video review, No Goal. The attacking player has interfered with a goalkeeper in his goal crease.
Finance
Level 1 -- Attendance: 5693 (94.88%) -- Ticket Income $512,370
Level 2 -- Attendance: 4633 (92.66%) -- Ticket Income $264,081
Level 3 -- Attendance: 2000 (100.00%) -- Ticket Income $66,000
Level 4 -- Attendance: 4000 (100.00%) -- Ticket Income $100,000
Luxury Box -- Attendance: 1000 (100.00%) -- Ticket Income $155,000
Game was played at the The prudential Center.
Total Attendance: 17326 (96.26%)
Total Ticket Income: $1,097,451
Other Income: $164,618
Total Income: $1,262,069
Maple Leafs
5 vs 5 Forward
Center Left Wing Right Wing Time % Phy DF OF
1 Jordan Staal Fabian Brunnstrom Claude Giroux 40 1 2 2
2 Mark Scheifele Artemi Panarin Ben Smith 30 1 2 2
3 Gilbert Brule Eric Nystrom Blake Comeau 20 1 2 2
4 Zac Dalpe T.J Galiardi Jeremy Morin 10 1 2 2
5 vs 5 Defense
Defense Defense Time % Phy DF OF
1 Tobias Enstrom Braydon Coburn 40 1 2 2
2 John Klingberg Marc-Édouard Vlasic 30 1 2 2
3 Taylor Chorney Ryan Parent 20 1 2 2
4 Tobias Enstrom Marc-Édouard Vlasic 10 1 2 2
PowerPlay Forward
Center Left Wing Right Wing Time % Phy DF OF
1 Jordan Staal Artemi Panarin Claude Giroux 60 1 2 2
2 Gilbert Brule Fabian Brunnstrom Ben Smith 40 1 2 2
PowerPlay Defense
Defense Defense Time % Phy DF OF
1 Tobias Enstrom John Klingberg 60 1 2 2
2 Marc-Édouard Vlasic Braydon Coburn 40 1 2 2
Penalty Kill 4 Players Forward
Center Wing Time % Phy DF OF
1 Jordan Staal Eric Nystrom 60 1 2 2
2 Gilbert Brule Ben Smith 40 1 2 2
Penalty Kill 4 Players Defense
Defense Defense Time % Phy DF OF
1 Taylor Chorney Braydon Coburn 60 1 2 2
2 Tobias Enstrom Marc-Édouard Vlasic 40 1 2 2
Penalty Kill - 3 Players Forward
Forward Time % Phy DF OF
1 Jordan Staal 60 1 2 2
2 Gilbert Brule 40 1 2 2
Penalty Kill - 3 Players Defense
Defense Defense Time % Phy DF OF
1 Taylor Chorney Marc-Édouard Vlasic 60 1 2 2
2 Tobias Enstrom Braydon Coburn 40 1 2 2
4 vs 4 Forward
Center Wing Time % Phy DF OF
1 Jordan Staal Claude Giroux 60 1 2 2
2 Mark Scheifele Artemi Panarin 40 1 2 2
4 vs 4 Defense
Defense Defense Time % Phy DF OF
1 Tobias Enstrom John Klingberg 60 1 2 2
2 Marc-Édouard Vlasic Braydon Coburn 40 1 2 2
Last Minutes Offensive
Center Left Wing Right Wing Defense Defense
Jordan Staal Artemi Panarin Claude Giroux Tobias Enstrom John Klingberg
Last Minutes Defensive
Center Left Wing Right Wing Defense Defense
Jordan Staal Artemi Panarin Claude Giroux Braydon Coburn Tobias Enstrom
Goaltenders
Starting : Marc-André Fleury
Backup : Thomas McCollum
Extra Forwards
Normal : Mark Scheifele, Ben Smith, Eric Nystrom - PP : Mark Scheifele, Ben Smith - PK : Eric Nystrom
Extra Defensemen
Normal : Marc-Édouard Vlasic, John Klingberg, Taylor Chorney - PP : Marc-Édouard Vlasic - PK : Ryan Parent, Taylor Chorney
Penalty Shots
Claude Giroux, Jordan Staal, Gilbert Brule, Artemi Panarin, Fabian Brunnstrom
Scratches
Luca Sbisa (Healthy)
Devils
5 vs 5 Forward
Center Left Wing Right Wing Time % Phy DF OF
1 Jonathan Toews Jaden Schwartz Joe Pavelski 40 0 2 3
2 Matt Duchene Taylor Hall Jordan Eberle 30 0 2 3
3 Scott Gomez Kellan Lain Nikita Kucherov 20 0 2 3
4 Tyler Bozak Brandon Bollig Anthony Stewart 10 1 2 2
5 vs 5 Defense
Defense Defense Time % Phy DF OF
1 Drew Doughty Shayne Gostisbehere 40 1 2 2
2 Tyler Cuma Dmitry Kulikov 30 1 2 2
3 Travis Hamonic Colton Parayko 20 1 2 2
4 Travis Hamonic Tyler Cuma 10 1 2 2
PowerPlay Forward
Center Left Wing Right Wing Time % Phy DF OF
1 Matt Duchene Taylor Hall Jordan Eberle 60 0 1 4
2 Jonathan Toews Kellan Lain Joe Pavelski 40 0 1 4
PowerPlay Defense
Defense Defense Time % Phy DF OF
1 Drew Doughty Shayne Gostisbehere 60 0 2 3
2 Tyler Cuma Travis Hamonic 40 0 2 3
Penalty Kill 4 Players Forward
Center Wing Time % Phy DF OF
1 Scott Gomez Jordan Eberle 60 0 3 2
2 Jonathan Toews Joe Pavelski 40 0 3 2
Penalty Kill 4 Players Defense
Defense Defense Time % Phy DF OF
1 Drew Doughty Tyler Cuma 60 1 2 2
2 Travis Hamonic Dmitry Kulikov 40 1 2 2
Penalty Kill - 3 Players Forward
Forward Time % Phy DF OF
1 Taylor Hall 60 1 2 2
2 Jonathan Toews 40 1 2 2
Penalty Kill - 3 Players Defense
Defense Defense Time % Phy DF OF
1 Drew Doughty Travis Hamonic 60 1 2 2
2 Tyler Cuma Dmitry Kulikov 40 1 2 2
4 vs 4 Forward
Center Wing Time % Phy DF OF
1 Jonathan Toews Taylor Hall 60 1 2 2
2 Matt Duchene Jordan Eberle 40 1 2 2
4 vs 4 Defense
Defense Defense Time % Phy DF OF
1 Drew Doughty Tyler Cuma 60 1 2 2
2 Travis Hamonic Dmitry Kulikov 40 1 2 2
Last Minutes Offensive
Center Left Wing Right Wing Defense Defense
Jonathan Toews Taylor Hall Jordan Eberle Drew Doughty Shayne Gostisbehere
Last Minutes Defensive
Center Left Wing Right Wing Defense Defense
Jonathan Toews Taylor Hall Jordan Eberle Drew Doughty Travis Hamonic
Goaltenders
Starting : Ryan Miller
Backup : Keith Kinkaid
Extra Forwards
Normal : Scott Gomez, Brandon Bollig, Anthony Stewart - PP : Scott Gomez, Brandon Bollig - PK : Anthony Stewart
Extra Defensemen
Normal : Travis Hamonic, Colton Parayko, Shayne Gostisbehere - PP : Travis Hamonic - PK : Colton Parayko, Shayne Gostisbehere
Penalty Shots
Taylor Hall, Jonathan Toews, Matt Duchene, Jordan Eberle, Joe Pavelski
Scratches
None
% Time on Ice - Maple Leafs
Lines # - Real PCT - Wanted PCT - Time Play
Normal Forward
1 - 35% - 40% - 16:01
2 - 27% - 30% - 12:29
3 - 19% - 20% - 8:36
4 - 18% - 10% - 8:21
Normal Defense
1 - 37% - 40% - 16:59
2 - 35% - 30% - 15:44
3 - 27% - 20% - 12:07
4 - 1% - 10% - 0:37
PP Forward
1 - 65% - 60% - 6:50
2 - 35% - 40% - 3:45
PP Defense
1 - 62% - 60% - 6:35
2 - 38% - 40% - 4:00
PK Forward
1 - 87% - 60% - 3:28
2 - 13% - 40% - 0:30
PK Defense
1 - 43% - 60% - 1:42
2 - 57% - 40% - 2:16
PK3 Forward
1 - 0% - 60%
2 - 0% - 40%
PK3 Defense
1 - 0% - 60%
2 - 0% - 40%
44 Forward
1 - 0% - 60%
2 - 0% - 40%
44 Defense
1 - 0% - 60%
2 - 0% - 40%
Last Minute Offensive - 0:00
Last Minute Defensive - 0:00
Total
Forward - 60:00
Defense - 60:00
|
% Time on Ice - Devils
Lines # - Real PCT - Wanted PCT - Time Play
Normal Forward
1 - 35% - 40% - 16:03
2 - 31% - 30% - 14:11
3 - 19% - 20% - 8:38
4 - 14% - 10% - 6:35
Normal Defense
1 - 43% - 40% - 19:28
2 - 31% - 30% - 14:14
3 - 22% - 20% - 9:52
4 - 4% - 10% - 1:53
PP Forward
1 - 45% - 60% - 1:46
2 - 55% - 40% - 2:12
PP Defense
1 - 80% - 60% - 3:11
2 - 20% - 40% - 0:47
PK Forward
1 - 71% - 60% - 6:24
2 - 29% - 40% - 2:35
PK Defense
1 - 63% - 60% - 5:40
2 - 37% - 40% - 3:19
PK3 Forward
1 - 91% - 60% - 1:27
2 - 9% - 40% - 0:09
PK3 Defense
1 - 79% - 60% - 1:16
2 - 21% - 40% - 0:20
44 Forward
1 - 0% - 60%
2 - 0% - 40%
44 Defense
1 - 0% - 60%
2 - 0% - 40%
Last Minute Offensive - 0:00
Last Minute Defensive - 0:00
Total
Forward - 60:00
Defense - 60:00
|
Play-by-Play
1st period
0:01 of 1st period - Jonathan Toews wins face-off versus Jordan Staal in neutral zone.
0:26 of 1st period - Ben Smith is hit by Jordan Eberle and loses puck.
0:31 of 1st period - Wrist shot by Matt Duchene.
0:31 of 1st period - Stopped by Marc-André Fleury without a rebound.
0:32 of 1st period - Gilbert Brule wins face-off versus Taylor Hall in Maple Leafs zone.
1:30 of 1st period - Icing by Taylor Chorney.
1:31 of 1st period - Joe Pavelski wins face-off versus Mark Scheifele in Maple Leafs zone.
1:47 of 1st period - Minor Penalty to Jaden Schwartz for Interference.
1:48 of 1st period - Scott Gomez wins face-off versus Jordan Staal in Devils zone.
2:02 of 1st period - Snap shot by Claude Giroux.
2:02 of 1st period - Shot Misses the Net.
2:04 of 1st period - Wrist shot by Jordan Staal.
2:04 of 1st period - Shot Misses the Net.
2:25 of 1st period - Snap shot by Gilbert Brule.
2:25 of 1st period - Stopped by Ryan Miller without a rebound.
2:26 of 1st period - Jordan Staal wins face-off versus Jonathan Toews in Devils zone.
2:59 of 1st period - Wrist shot by Joe Pavelski.
2:59 of 1st period - Stopped by Marc-André Fleury without a rebound.
3:00 of 1st period - Jonathan Toews wins face-off versus Gilbert Brule in Maple Leafs zone.
3:27 of 1st period - Claude Giroux is hit by Scott Gomez and loses puck.
3:32 of 1st period - Wrist shot by Scott Gomez.
3:32 of 1st period - Stopped by Marc-André Fleury with a rebound.
3:47 of 1st period - Penalty to Jaden Schwartz is over, Jaden Schwartz is back on ice.
3:58 of 1st period - Slapshot by Drew Doughty.
3:58 of 1st period - Shot Blocked by Marc-Édouard Vlasic.
4:06 of 1st period - Snap shot by Drew Doughty.
4:06 of 1st period - Stopped by Marc-André Fleury with a rebound.
4:18 of 1st period - Slapshot by Marc-Édouard Vlasic.
4:18 of 1st period - Shot Hit the Post.
4:56 of 1st period - Dmitry Kulikov is hit by Eric Nystrom and loses puck.
5:20 of 1st period - Fabian Brunnstrom is hit by Jonathan Toews and loses puck.
5:36 of 1st period - Off-side.
5:37 of 1st period - Tyler Bozak wins face-off versus T.J Galiardi in neutral zone.
5:40 of 1st period - Slapshot by Dmitry Kulikov.
5:40 of 1st period - Shot Blocked by Zac Dalpe.
5:42 of 1st period - Slapshot by Tyler Bozak.
5:42 of 1st period - Shot Blocked by Marc-Édouard Vlasic.
5:44 of 1st period - Slapshot by Tyler Cuma.
5:44 of 1st period - Shot Misses the Net.
5:46 of 1st period - Snap shot by Tyler Bozak.
5:46 of 1st period - Shot Misses the Net.
6:00 of 1st period - Slapshot by John Klingberg.
6:00 of 1st period - Deflect By Dmitry Kulikov.
6:00 of 1st period - Stopped by Ryan Miller with a rebound.
6:02 of 1st period - Snap shot by Zac Dalpe.
6:02 of 1st period - Shot Blocked by Tyler Cuma.
6:07 of 1st period - Minor Penalty to Brandon Bollig for Hooking.
6:08 of 1st period - Scott Gomez wins face-off versus Claude Giroux in Devils zone.
6:08 of 1st period - Scott Gomez is hit by Claude Giroux.
6:15 of 1st period - Claude Giroux is hit by Scott Gomez and loses puck.
7:21 of 1st period - Icing by Tobias Enstrom.
7:22 of 1st period - Gilbert Brule wins face-off versus Scott Gomez in Maple Leafs zone.
7:39 of 1st period - Snap shot by Claude Giroux.
7:39 of 1st period - Deflect By Drew Doughty.
7:39 of 1st period - Shot Blocked by Drew Doughty.
7:39 of 1st period - Puck is out of play.
7:40 of 1st period - Jordan Staal wins face-off versus Jonathan Toews in Devils zone.
7:58 of 1st period - Icing by Braydon Coburn.
7:59 of 1st period - Scott Gomez wins face-off versus Jordan Staal in Maple Leafs zone.
8:07 of 1st period - Penalty to Brandon Bollig is over, Brandon Bollig is back on ice.
8:20 of 1st period - Wrist shot by Artemi Panarin.
8:20 of 1st period - Stopped by Ryan Miller with a rebound.
8:22 of 1st period - Wrist shot by Jordan Staal.
8:22 of 1st period - Shot Misses the Net.
8:24 of 1st period - Snap shot by Claude Giroux.
8:24 of 1st period - Shot Misses the Net.
8:26 of 1st period - Slapshot by Artemi Panarin.
8:26 of 1st period - Shot Misses the Net.
8:28 of 1st period - Snap shot by Jordan Staal.
8:28 of 1st period - Stopped by Ryan Miller with a rebound.
8:30 of 1st period - Snap shot by Jordan Staal.
8:30 of 1st period - Stopped by Ryan Miller with a rebound.
8:34 of 1st period - Snap shot by Artemi Panarin.
8:34 of 1st period - Shot Blocked by Drew Doughty.
8:58 of 1st period - Snap shot by Claude Giroux.
8:58 of 1st period - Shot Blocked by Jordan Eberle.
10:09 of 1st period - Snap shot by Claude Giroux.
10:09 of 1st period - Stopped by Ryan Miller without a rebound.
10:10 of 1st period - Jonathan Toews wins face-off versus Gilbert Brule in Devils zone.
10:37 of 1st period - Colton Parayko is hit by T.J Galiardi and loses puck.
10:54 of 1st period - Wrist shot by Matt Duchene.
10:54 of 1st period - Shot Blocked by John Klingberg.
10:56 of 1st period - Snap shot by Dmitry Kulikov.
10:56 of 1st period - Shot Blocked by T.J Galiardi.
10:58 of 1st period - Backhand shot by Taylor Hall.
10:58 of 1st period - Shot Blocked by Tobias Enstrom.
11:00 of 1st period - Slapshot by Shayne Gostisbehere.
11:00 of 1st period - Shot Misses the Net.
11:10 of 1st period - Joe Pavelski is hit by Tobias Enstrom and loses puck.
11:46 of 1st period - Slapshot by Dmitry Kulikov.
11:46 of 1st period - Shot Misses the Net.
11:48 of 1st period - Slapshot by Shayne Gostisbehere.
11:48 of 1st period - Stopped by Marc-André Fleury with a rebound.
11:58 of 1st period - Taylor Chorney is hit by Nikita Kucherov and loses puck.
12:34 of 1st period - Icing by Matt Duchene.
12:35 of 1st period - Zac Dalpe wins face-off versus Matt Duchene in Devils zone.
12:40 of 1st period - Minor Penalty to Nikita Kucherov for Goalie Interference.
12:41 of 1st period - Gilbert Brule wins face-off versus Scott Gomez in Devils zone.
12:48 of 1st period - Wrist shot by Gilbert Brule.
12:48 of 1st period - Shot Misses the Net.
13:08 of 1st period - Tyler Cuma is hit by John Klingberg.
14:40 of 1st period - Penalty to Nikita Kucherov is over, Nikita Kucherov is back on ice.
15:16 of 1st period - Gilbert Brule is hit by Joe Pavelski and loses puck.
15:31 of 1st period - Jeremy Morin is hit by Jordan Eberle.
15:47 of 1st period - Slapshot by Fabian Brunnstrom.
15:47 of 1st period - Shot Hit the Post.
15:58 of 1st period - Claude Giroux is hit by Kellan Lain and loses puck.
17:03 of 1st period - Icing by Tyler Cuma.
17:04 of 1st period - Scott Gomez wins face-off versus Claude Giroux in Devils zone.
17:15 of 1st period - Wrist shot by Braydon Coburn.
17:15 of 1st period - Stopped by Ryan Miller without a rebound.
17:16 of 1st period - Matt Duchene wins face-off versus Mark Scheifele in Devils zone.
17:16 of 1st period - Matt Duchene is hit by Ben Smith.
17:42 of 1st period - Claude Giroux is hit by Kellan Lain and loses puck.
17:49 of 1st period - Snap shot by Claude Giroux.
17:49 of 1st period - Shot Misses the Net.
17:51 of 1st period - Snap shot by Taylor Chorney.
17:51 of 1st period - Shot Misses the Net.
18:09 of 1st period - Snap shot by Drew Doughty.
18:09 of 1st period - Shot Blocked by Ryan Parent.
18:11 of 1st period - Snap shot by Jonathan Toews.
18:11 of 1st period - Stopped by Marc-André Fleury without a rebound.
18:12 of 1st period - Matt Duchene wins face-off versus Mark Scheifele in Maple Leafs zone.
18:19 of 1st period - Slapshot by Tobias Enstrom.
18:19 of 1st period - Shot Blocked by Taylor Hall.
18:39 of 1st period - Ben Smith is hit by Kellan Lain and loses puck.
18:46 of 1st period - Wrist shot by Kellan Lain.
18:46 of 1st period - Shot Misses the Net.
19:07 of 1st period - Icing by Tobias Enstrom.
19:08 of 1st period - Jordan Staal wins face-off versus Jonathan Toews in Maple Leafs zone.
19:19 of 1st period - Snap shot by Jonathan Toews.
19:19 of 1st period - Deflect By Jaden Schwartz.
19:19 of 1st period - Shot Misses the Net.
19:19 of 1st period - Puck is out of play.
19:20 of 1st period - Matt Duchene wins face-off versus Jordan Staal in Maple Leafs zone.
19:27 of 1st period - Snap shot by Matt Duchene.
19:27 of 1st period - Goal by Matt Duchene - Maple Leafs : 0 - Devils : 1.
19:28 of 1st period - Jordan Staal wins face-off versus Matt Duchene in neutral zone.
19:33 of 1st period - Slapshot by Braydon Coburn.
19:33 of 1st period - Stopped by Ryan Miller with a rebound.
19:35 of 1st period - Snap shot by Jordan Staal.
19:35 of 1st period - Goal by Jordan Staal - Maple Leafs : 1 - Devils : 1.
19:36 of 1st period - Matt Duchene wins face-off versus Jordan Staal in neutral zone.
19:41 of 1st period - Snap shot by Taylor Hall.
19:41 of 1st period - Stopped by Marc-André Fleury without a rebound.
19:42 of 1st period - Matt Duchene wins face-off versus Jordan Staal in Maple Leafs zone.
Goals for this period are 1 for Maple Leafs vs 1 for Devils.
Shots for this period are 9 for Maple Leafs vs 8 for Devils.
2nd period
0:01 of 2nd period - Jordan Staal wins face-off versus Jonathan Toews in neutral zone.
0:39 of 2nd period - Minor Penalty to Tobias Enstrom for Cross-checking.
0:40 of 2nd period - Jordan Staal wins face-off versus Matt Duchene in Maple Leafs zone.
0:50 of 2nd period - Slapshot by Taylor Hall.
0:50 of 2nd period - Shot Misses the Net.
0:57 of 2nd period - Icing by Matt Duchene.
0:58 of 2nd period - Matt Duchene wins face-off versus Jordan Staal in Devils zone.
0:58 of 2nd period - Matt Duchene is hit by Eric Nystrom.
2:39 of 2nd period - Penalty to Tobias Enstrom is over, Tobias Enstrom is back on ice.
3:00 of 2nd period - Tyler Bozak is hit by T.J Galiardi and loses puck.
3:12 of 2nd period - Zac Dalpe is hit by Tyler Bozak.
3:22 of 2nd period - Slapshot by T.J Galiardi.
3:22 of 2nd period - Stopped by Ryan Miller without a rebound.
3:23 of 2nd period - Joe Pavelski wins face-off versus Mark Scheifele in Devils zone.
3:28 of 2nd period - Snap shot by Artemi Panarin.
3:28 of 2nd period - Shot Blocked by Colton Parayko.
3:59 of 2nd period - Snap shot by Nikita Kucherov.
3:59 of 2nd period - Stopped by Marc-André Fleury with a rebound.
4:23 of 2nd period - Snap shot by Gilbert Brule.
4:23 of 2nd period - Shot Blocked by Tyler Cuma.
5:08 of 2nd period - Wrist shot by Nikita Kucherov.
5:08 of 2nd period - Shot Misses the Net.
5:40 of 2nd period - Slapshot by Shayne Gostisbehere.
5:40 of 2nd period - Stopped by Marc-André Fleury without a rebound.
5:41 of 2nd period - Jordan Staal wins face-off versus Jonathan Toews in Maple Leafs zone.
5:53 of 2nd period - Off-side.
5:54 of 2nd period - Jonathan Toews wins face-off versus Jordan Staal in neutral zone.
6:03 of 2nd period - Snap shot by Jordan Staal.
6:03 of 2nd period - Stopped by Ryan Miller with a rebound.
6:11 of 2nd period - Slapshot by Jordan Staal.
6:11 of 2nd period - Deflect By Claude Giroux.
6:11 of 2nd period - Stopped by Ryan Miller without a rebound.
6:12 of 2nd period - Jordan Eberle wins face-off versus Mark Scheifele in Devils zone.
6:17 of 2nd period - Mark Scheifele is hit by Jordan Eberle and loses puck.
7:04 of 2nd period - Wrist shot by Artemi Panarin.
7:04 of 2nd period - Stopped by Ryan Miller without a rebound.
7:05 of 2nd period - Jonathan Toews wins face-off versus Jordan Staal in Devils zone.
7:05 of 2nd period - Jonathan Toews is hit by Jordan Staal.
7:36 of 2nd period - Off-side.
7:37 of 2nd period - Scott Gomez wins face-off versus Gilbert Brule in neutral zone.
7:42 of 2nd period - Wrist shot by Scott Gomez.
7:42 of 2nd period - Stopped by Marc-André Fleury with a rebound.
7:44 of 2nd period - Slapshot by Travis Hamonic.
7:44 of 2nd period - Stopped by Marc-André Fleury without a rebound.
7:45 of 2nd period - Jonathan Toews wins face-off versus Gilbert Brule in Maple Leafs zone.
7:54 of 2nd period - Snap shot by Joe Pavelski.
7:54 of 2nd period - Stopped by Marc-André Fleury without a rebound.
7:55 of 2nd period - Jordan Staal wins face-off versus Jonathan Toews in Maple Leafs zone.
8:17 of 2nd period - Slapshot by Drew Doughty.
8:17 of 2nd period - Shot Blocked by Braydon Coburn.
8:23 of 2nd period - Slapshot by Braydon Coburn.
8:23 of 2nd period - Deflect By Artemi Panarin.
8:23 of 2nd period - Shot Misses the Net.
8:23 of 2nd period - Puck is out of play.
8:24 of 2nd period - Mark Scheifele wins face-off versus Matt Duchene in Devils zone.
8:49 of 2nd period - Snap shot by Ben Smith.
8:49 of 2nd period - Shot Blocked by Tyler Cuma.
8:51 of 2nd period - Slapshot by Tobias Enstrom.
8:51 of 2nd period - Shot Blocked by Taylor Hall.
8:53 of 2nd period - Snap shot by Ben Smith.
8:53 of 2nd period - Shot Misses the Net.
8:55 of 2nd period - Wrist shot by Ben Smith.
8:55 of 2nd period - Stopped by Ryan Miller with a rebound.
8:59 of 2nd period - Snap shot by Ben Smith.
8:59 of 2nd period - Shot Blocked by Tyler Cuma.
9:01 of 2nd period - Wrist shot by Artemi Panarin.
9:01 of 2nd period - Stopped by Ryan Miller without a rebound.
9:02 of 2nd period - Jonathan Toews wins face-off versus Jordan Staal in Devils zone.
9:35 of 2nd period - Snap shot by Nikita Kucherov.
9:35 of 2nd period - Stopped by Marc-André Fleury without a rebound.
9:36 of 2nd period - Scott Gomez wins face-off versus Artemi Panarin in Maple Leafs zone.
10:21 of 2nd period - Snap shot by Zac Dalpe.
10:21 of 2nd period - Shot Blocked by Matt Duchene.
10:23 of 2nd period - Slapshot by Tobias Enstrom.
10:23 of 2nd period - Shot Misses the Net.
11:26 of 2nd period - Minor Penalty to Colton Parayko for Tripping.
11:27 of 2nd period - Jordan Staal wins face-off versus Scott Gomez in Devils zone.
11:34 of 2nd period - Wrist shot by Claude Giroux.
11:34 of 2nd period - Shot Misses the Net.
11:36 of 2nd period - Slapshot by Tobias Enstrom.
11:36 of 2nd period - Deflect By Claude Giroux.
11:36 of 2nd period - Goal by Claude Giroux - Maple Leafs : 2 - Devils : 1.
11:37 of 2nd period - Jonathan Toews wins face-off versus Jordan Staal in neutral zone.
11:37 of 2nd period - Shayne Gostisbehere is hit by Marc-Édouard Vlasic and loses puck.
11:46 of 2nd period - Snap shot by Jonathan Toews.
11:46 of 2nd period - Shot Blocked by Fabian Brunnstrom.
11:48 of 2nd period - Snap shot by Joe Pavelski.
11:48 of 2nd period - Shot Misses the Net.
11:50 of 2nd period - Snap shot by Jaden Schwartz.
11:50 of 2nd period - Deflect By Joe Pavelski.
11:50 of 2nd period - Shot Blocked by Marc-Édouard Vlasic.
11:50 of 2nd period - Puck is out of play.
11:51 of 2nd period - Matt Duchene wins face-off versus Jordan Staal in Maple Leafs zone.
12:13 of 2nd period - Minor Penalty to Jordan Staal for Hooking.
12:14 of 2nd period - Mark Scheifele wins face-off versus Matt Duchene in Maple Leafs zone.
12:42 of 2nd period - Icing by Jonathan Toews.
12:43 of 2nd period - Jonathan Toews wins face-off versus Mark Scheifele in Devils zone.
12:43 of 2nd period - Jonathan Toews is hit by Marc-Édouard Vlasic.
12:49 of 2nd period - Slapshot by Drew Doughty.
12:49 of 2nd period - Shot Blocked by Tobias Enstrom.
13:23 of 2nd period - Snap shot by Jonathan Toews.
13:23 of 2nd period - Shot Blocked by Marc-Édouard Vlasic.
13:25 of 2nd period - Wrist shot by Shayne Gostisbehere.
13:25 of 2nd period - Shot Misses the Net.
13:27 of 2nd period - Slapshot by Drew Doughty.
13:27 of 2nd period - Stopped by Marc-André Fleury with a rebound.
14:01 of 2nd period - Slapshot by Drew Doughty.
14:01 of 2nd period - Stopped by Marc-André Fleury without a rebound.
14:02 of 2nd period - Mark Scheifele wins face-off versus Jordan Eberle in Maple Leafs zone.
14:13 of 2nd period - Penalty to Jordan Staal is over, Jordan Staal is back on ice.
14:13 of 2nd period - Wrist shot by Matt Duchene.
14:13 of 2nd period - Stopped by Marc-André Fleury with a rebound.
14:15 of 2nd period - Slapshot by Travis Hamonic.
14:15 of 2nd period - Shot Blocked by Taylor Chorney.
14:17 of 2nd period - Wrist shot by Travis Hamonic.
14:17 of 2nd period - Shot Misses the Net.
14:19 of 2nd period - Slapshot by Travis Hamonic.
14:19 of 2nd period - Stopped by Marc-André Fleury without a rebound.
14:20 of 2nd period - Brandon Bollig wins face-off versus Claude Giroux in Maple Leafs zone.
15:44 of 2nd period - Minor Penalty to Matt Duchene for Hooking.
15:45 of 2nd period - Jordan Staal wins face-off versus Jordan Eberle in Devils zone.
15:51 of 2nd period - Snap shot by Jordan Staal.
15:51 of 2nd period - Goal by Jordan Staal - Maple Leafs : 3 - Devils : 1.
15:52 of 2nd period - Claude Giroux wins face-off versus Jonathan Toews in neutral zone.
15:55 of 2nd period - Drew Doughty is hit by Jordan Staal and loses puck.
16:14 of 2nd period - Minor Penalty to Joe Pavelski for Roughing.
16:15 of 2nd period - Scott Gomez wins face-off versus Jordan Staal in Devils zone.
16:32 of 2nd period - Snap shot by Claude Giroux.
16:32 of 2nd period - Shot Misses the Net.
16:52 of 2nd period - Slapshot by Ben Smith.
16:52 of 2nd period - Deflect By Gilbert Brule.
16:52 of 2nd period - Shot Misses the Net.
16:52 of 2nd period - Puck is out of play.
16:53 of 2nd period - Scott Gomez wins face-off versus Gilbert Brule in Devils zone.
16:58 of 2nd period - Snap shot by Gilbert Brule.
16:58 of 2nd period - Shot Misses the Net.
17:02 of 2nd period - Snap shot by Ben Smith.
17:02 of 2nd period - Stopped by Ryan Miller with a rebound.
17:04 of 2nd period - Slapshot by Ben Smith.
17:04 of 2nd period - Maple Leafs goal is going for a video replay.
17:04 of 2nd period - The goal is refused. The attacking player has interfered with a goalkeeper in his goal crease..
17:05 of 2nd period - Jordan Staal wins face-off versus Scott Gomez in Devils zone.
17:06 of 2nd period - Slapshot by Claude Giroux.
17:06 of 2nd period - Stopped by Ryan Miller with a rebound.
17:14 of 2nd period - Snap shot by Claude Giroux.
17:14 of 2nd period - Stopped by Ryan Miller with a rebound.
17:16 of 2nd period - Snap shot by John Klingberg.
17:16 of 2nd period - Deflect By Artemi Panarin.
17:16 of 2nd period - Shot Blocked by Drew Doughty.
17:16 of 2nd period - Puck is out of play.
17:17 of 2nd period - Jordan Staal wins face-off versus Scott Gomez in Devils zone.
18:14 of 2nd period - Penalty to Joe Pavelski is over, Joe Pavelski is back on ice.
18:30 of 2nd period - Joe Pavelski is hit by Jeremy Morin and loses puck.
18:47 of 2nd period - Wrist shot by Eric Nystrom.
18:47 of 2nd period - Stopped by Ryan Miller with a rebound.
18:55 of 2nd period - Snap shot by Jonathan Toews.
18:55 of 2nd period - Stopped by Marc-André Fleury without a rebound.
18:56 of 2nd period - Artemi Panarin wins face-off versus Matt Duchene in Maple Leafs zone.
18:56 of 2nd period - Artemi Panarin is hit by Taylor Hall.
19:07 of 2nd period - Minor Penalty to Colton Parayko for Holding.
19:08 of 2nd period - Jordan Staal wins face-off versus Scott Gomez in Devils zone.
19:30 of 2nd period - Minor Penalty to Travis Hamonic for Hooking.
19:31 of 2nd period - Taylor Hall wins face-off versus Jordan Staal in Devils zone.
19:44 of 2nd period - Snap shot by Artemi Panarin.
19:44 of 2nd period - Stopped by Ryan Miller without a rebound.
19:45 of 2nd period - Jordan Staal wins face-off versus Taylor Hall in Devils zone.
Goals for this period are 2 for Maple Leafs vs 0 for Devils.
Shots for this period are 14 for Maple Leafs vs 11 for Devils.
3rd period
0:01 of 3rd period - Jordan Staal wins face-off versus Taylor Hall in neutral zone.
0:04 of 3rd period - Shayne Gostisbehere is hit by Artemi Panarin and loses puck.
0:11 of 3rd period - Slapshot by Jordan Staal.
0:11 of 3rd period - Stopped by Ryan Miller with a rebound.
0:13 of 3rd period - Slapshot by Tobias Enstrom.
0:13 of 3rd period - Deflect By Jordan Staal.
0:13 of 3rd period - Shot Blocked by Drew Doughty.
0:13 of 3rd period - Puck is out of play.
0:14 of 3rd period - Jordan Staal wins face-off versus Taylor Hall in Devils zone.
0:19 of 3rd period - Snap shot by Claude Giroux.
0:19 of 3rd period - Shot Misses the Net.
1:07 of 3rd period - Penalty to Colton Parayko is over, Colton Parayko is back on ice.
1:30 of 3rd period - Penalty to Travis Hamonic is over, Travis Hamonic is back on ice.
2:25 of 3rd period - Wrist shot by Nikita Kucherov.
2:25 of 3rd period - Shot Misses the Net.
2:50 of 3rd period - Off-side.
2:51 of 3rd period - Tyler Bozak wins face-off versus Zac Dalpe in neutral zone.
2:54 of 3rd period - Snap shot by Travis Hamonic.
2:54 of 3rd period - Shot Misses the Net.
2:56 of 3rd period - Wrist shot by Brandon Bollig.
2:56 of 3rd period - Shot Misses the Net.
2:58 of 3rd period - Wrist shot by Tyler Bozak.
2:58 of 3rd period - Stopped by Marc-André Fleury with a rebound.
3:00 of 3rd period - Slapshot by Travis Hamonic.
3:00 of 3rd period - Shot Misses the Net.
3:02 of 3rd period - Backhand shot by Colton Parayko.
3:02 of 3rd period - Shot Misses the Net.
3:04 of 3rd period - Slapshot by Travis Hamonic.
3:04 of 3rd period - Stopped by Marc-André Fleury with a rebound.
3:06 of 3rd period - Slapshot by Colton Parayko.
3:06 of 3rd period - Stopped by Marc-André Fleury with a rebound.
3:18 of 3rd period - Marc-Édouard Vlasic is hit by Jonathan Toews and loses puck.
3:25 of 3rd period - Slapshot by John Klingberg.
3:25 of 3rd period - Deflect By Blake Comeau.
3:25 of 3rd period - Shot Blocked by Colton Parayko.
3:25 of 3rd period - Puck is out of play.
3:26 of 3rd period - Jordan Eberle wins face-off versus Jordan Staal in Devils zone.
3:26 of 3rd period - Jordan Eberle is hit by Jordan Staal.
3:39 of 3rd period - Off-side.
3:40 of 3rd period - Jordan Staal wins face-off versus Jonathan Toews in neutral zone.
3:43 of 3rd period - Snap shot by Claude Giroux.
3:43 of 3rd period - Shot Misses the Net.
4:07 of 3rd period - Travis Hamonic is hit by Ben Smith and loses puck.
4:28 of 3rd period - Slapshot by Travis Hamonic.
4:28 of 3rd period - Shot Misses the Net.
4:30 of 3rd period - Slapshot by Travis Hamonic.
4:30 of 3rd period - Shot Blocked by Marc-Édouard Vlasic.
4:32 of 3rd period - Snap shot by Scott Gomez.
4:32 of 3rd period - Deflect By Nikita Kucherov.
4:32 of 3rd period - Stopped by Marc-André Fleury without a rebound.
4:33 of 3rd period - Jordan Staal wins face-off versus Scott Gomez in Maple Leafs zone.
5:07 of 3rd period - Snap shot by Artemi Panarin.
5:07 of 3rd period - Shot Blocked by Joe Pavelski.
5:09 of 3rd period - Wrist shot by Mark Scheifele.
5:09 of 3rd period - Stopped by Ryan Miller with a rebound.
5:19 of 3rd period - Jordan Eberle is hit by Eric Nystrom and loses puck.
5:24 of 3rd period - Wrist shot by Gilbert Brule.
5:24 of 3rd period - Shot Misses the Net.
5:30 of 3rd period - Snap shot by Eric Nystrom.
5:30 of 3rd period - Shot Misses the Net.
6:46 of 3rd period - Snap shot by Eric Nystrom.
6:46 of 3rd period - Shot Blocked by Matt Duchene.
6:48 of 3rd period - Wrist shot by Blake Comeau.
6:48 of 3rd period - Stopped by Ryan Miller with a rebound.
6:50 of 3rd period - Slapshot by Taylor Chorney.
6:50 of 3rd period - Deflect By Blake Comeau.
6:50 of 3rd period - Shot Blocked by Taylor Hall.
6:50 of 3rd period - Puck is out of play.
6:51 of 3rd period - Matt Duchene wins face-off versus Jordan Staal in Devils zone.
7:18 of 3rd period - Jordan Staal is hit by Colton Parayko and loses puck.
8:13 of 3rd period - Slapshot by Marc-Édouard Vlasic.
8:13 of 3rd period - Stopped by Ryan Miller with a rebound.
8:37 of 3rd period - Slapshot by Fabian Brunnstrom.
8:37 of 3rd period - Deflect By Jordan Staal.
8:37 of 3rd period - Stopped by Ryan Miller without a rebound.
8:38 of 3rd period - Mark Scheifele wins face-off versus Scott Gomez in Devils zone.
8:42 of 3rd period - Icing by Scott Gomez.
8:43 of 3rd period - Scott Gomez wins face-off versus Mark Scheifele in Devils zone.
8:59 of 3rd period - Snap shot by Artemi Panarin.
8:59 of 3rd period - Shot Blocked by Drew Doughty.
9:34 of 3rd period - Wrist shot by Ryan Parent.
9:34 of 3rd period - Shot Blocked by Matt Duchene.
10:32 of 3rd period - Snap shot by Anthony Stewart.
10:32 of 3rd period - Shot Blocked by Eric Nystrom.
10:42 of 3rd period - Snap shot by Tyler Bozak.
10:42 of 3rd period - Stopped by Marc-André Fleury with a rebound.
12:14 of 3rd period - Snap shot by Jordan Eberle.
12:14 of 3rd period - Shot Misses the Net.
12:44 of 3rd period - Slapshot by Shayne Gostisbehere.
12:44 of 3rd period - Stopped by Marc-André Fleury without a rebound.
12:45 of 3rd period - Jonathan Toews wins face-off versus Zac Dalpe in Maple Leafs zone.
12:46 of 3rd period - Slapshot by Joe Pavelski.
12:46 of 3rd period - Shot Misses the Net.
13:10 of 3rd period - Taylor Chorney is hit by Drew Doughty and loses puck.
13:23 of 3rd period - Slapshot by Matt Duchene.
13:23 of 3rd period - Deflect By Marc-Édouard Vlasic.
13:23 of 3rd period - Shot Blocked by Fabian Brunnstrom.
13:23 of 3rd period - Puck is out of play.
13:24 of 3rd period - Mark Scheifele wins face-off versus Scott Gomez in Maple Leafs zone.
13:51 of 3rd period - Fabian Brunnstrom is hit by Colton Parayko and loses puck.
14:21 of 3rd period - Snap shot by Gilbert Brule.
14:21 of 3rd period - Shot Blocked by Matt Duchene.
14:44 of 3rd period - Snap shot by Matt Duchene.
14:44 of 3rd period - Shot Hit the Post.
14:55 of 3rd period - Drew Doughty is hit by Braydon Coburn and loses puck.
15:06 of 3rd period - Claude Giroux is hit by Drew Doughty and loses puck.
15:28 of 3rd period - Slapshot by John Klingberg.
15:28 of 3rd period - Stopped by Ryan Miller with a rebound.
16:23 of 3rd period - Snap shot by Claude Giroux.
16:23 of 3rd period - Stopped by Ryan Miller with a rebound.
16:25 of 3rd period - Slapshot by Braydon Coburn.
16:25 of 3rd period - Stopped by Ryan Miller with a rebound.
16:27 of 3rd period - Wrist shot by Fabian Brunnstrom.
16:27 of 3rd period - Goal by Fabian Brunnstrom - Maple Leafs : 4 - Devils : 1.
16:28 of 3rd period - Jordan Staal wins face-off versus Jonathan Toews in neutral zone.
17:01 of 3rd period - Wrist shot by Matt Duchene.
17:01 of 3rd period - Shot Misses the Net.
17:03 of 3rd period - Slapshot by Colton Parayko.
17:03 of 3rd period - Stopped by Marc-André Fleury with a rebound.
17:05 of 3rd period - Snap shot by Colton Parayko.
17:05 of 3rd period - Stopped by Marc-André Fleury without a rebound.
17:06 of 3rd period - Jonathan Toews wins face-off versus Claude Giroux in Maple Leafs zone.
17:15 of 3rd period - Slapshot by Drew Doughty.
17:15 of 3rd period - Deflect By Claude Giroux.
17:15 of 3rd period - Stopped by Marc-André Fleury with a rebound.
17:17 of 3rd period - Backhand shot by Joe Pavelski.
17:17 of 3rd period - Shot Blocked by John Klingberg.
17:19 of 3rd period - Snap shot by Jonathan Toews.
17:19 of 3rd period - Stopped by Marc-André Fleury with a rebound.
17:51 of 3rd period - Off-side.
17:52 of 3rd period - Gilbert Brule wins face-off versus Kellan Lain in neutral zone.
18:19 of 3rd period - Jordan Staal is hit by Jonathan Toews and loses puck.
18:26 of 3rd period - Slapshot by Jaden Schwartz.
18:26 of 3rd period - Shot Blocked by Tobias Enstrom.
18:28 of 3rd period - Slapshot by Tyler Cuma.
18:28 of 3rd period - Deflect By Claude Giroux.
18:28 of 3rd period - Stopped by Marc-André Fleury without a rebound.
18:29 of 3rd period - Matt Duchene wins face-off versus Mark Scheifele in Maple Leafs zone.
18:30 of 3rd period - Wrist shot by Taylor Hall.
18:30 of 3rd period - Stopped by Marc-André Fleury with a rebound.
18:32 of 3rd period - Wrist shot by Taylor Hall.
18:32 of 3rd period - Stopped by Marc-André Fleury without a rebound.
18:33 of 3rd period - Ben Smith wins face-off versus Matt Duchene in Maple Leafs zone.
19:28 of 3rd period - Snap shot by Gilbert Brule.
19:28 of 3rd period - Shot Misses the Net.
19:30 of 3rd period - Wrist shot by Blake Comeau.
19:30 of 3rd period - Stopped by Ryan Miller with a rebound.
19:32 of 3rd period - Snap shot by John Klingberg.
19:32 of 3rd period - Stopped by Ryan Miller without a rebound.
19:33 of 3rd period - Jordan Eberle wins face-off versus Mark Scheifele in Devils zone.
19:48 of 3rd period - Slapshot by Artemi Panarin.
19:48 of 3rd period - Shot Misses the Net.
Goals for this period are 1 for Maple Leafs vs 0 for Devils.
Shots for this period are 11 for Maple Leafs vs 13 for Devils.
Back to the Top